 Dungeon Crawl Stone Soup version 0.31-a0-1612-g4aaf141004 (webtiles) character file.

Game seed: 4908377170860908809

179 MisterAzrael the Trooper (level 5, -1/47 HPs)
             Began as a Hill Orc Fighter on Jan 10, 2024.
             Slain by a gnoll
             ... wielding a +0 club
              (3 damage)
             ... on level 3 of the Dungeon.
             The game lasted 00:02:09 (2358 turns).

MisterAzrael the Trooper (Hill Orc Fighter)         Turns: 2358, Time: 00:02:10

Health: -1/47      AC:  7    Str: 21    XL:     5   Next: 59%
Magic:  5/5        EV:  9    Int:  8    God:
Gold:   168        SH:  4    Dex: 10    Spells: 4/4 levels left

rFire   . . .        a - +0 war axe
rCold   . . .        c - +0 buckler
rNeg    . . .        b - +0 scale mail
rPois   .            (no helmet)
rElec   .            (no cloak)
rCorr   .            (no gloves)
SInv    .            (no boots)
Will    .....        (no amulet) Stlth
                     (no ring)
HPRegen 0.27/turn    (no ring)
MPRegen 0.09/turn

%: no passive effects
@: no status effects
A: no striking features
a: no special abilities


You were on level 3 of the Dungeon.
You visited 1 branch of the dungeon, and saw 4 of its levels.

You collected 168 gold pieces.

Inventory:

Hand Weapons
 a - a +0 war axe (weapon)
Armour
 b - a +0 scale mail (worn)
 c - a +0 buckler (worn)
Jewellery
 e - a +6 ring of dexterity
Scrolls
 f - a scroll of amnesia {unknown}
 g - a scroll of vulnerability {unknown}
 k - 3 scrolls of torment {unknown}
 l - 3 scrolls of identify {unknown}
 o - a scroll of enchant armour {unknown}
Potions
 d - 5 potions of might
 h - a potion of enlightenment {unknown}
 i - a potion of attraction {unknown}
 j - a potion of ambrosia {unknown}
 m - a potion of heal wounds {unknown}
 n - a potion of berserk rage {unknown}


   Skills:
 + Level 4.7 Fighting
 + Level 4.3 Axes
 + Level 4.4 Armour
 + Level 4.4 Shields


You had 4 spell levels left.
You didn't know any spells.
Your spell library contained the following spells:

 Spells                   Type           Power      Damage    Failure   Level
 Inner Flame              Hex/Fire       0%         N/A       99%         3
 Flame Wave               Conj/Fire      0%         2d4       100%        4
 Sticky Flame             Fire/Alch      0%         2d4       100%        4


Dungeon Overview and Level Annotations

Branches:
Dungeon (4/15)
 Temple: D:4-7

Altars:
Nemelex Xobeh
Uskayaw

Shops:
D:2 *


Message History

No target in view!
No target in view!
No target in view!
Done exploring.
What level of the Dungeon? (default 3, ? - help)
You see here a quokka skeleton.
There is a stone staircase leading down here.
You climb downwards.
You hear the sound of rushing water.
There is an entrance to a sewer on this level.
Hurry and find it before the portal rusts away!
The jelly quivers.
The gnoll shouts! x4; The kobold shouts!
You hear a shout! x2
Found a morningstar and 8 stones.
Found a stone staircase leading up.
There is a stone staircase leading up here.
You slash the gnoll!
The gnoll is severely wounded.
The gnoll closely misses you.
You hit the gnoll but do no damage.
The gnoll is severely wounded.
You hit the quokka. You hit the gnoll.
The quokka bites you but does no damage.
The gnoll hits you with a +0 whip. The gnoll closely misses you.
The quokka bites you but does no damage.
You closely miss the gnoll.
The gnoll is severely wounded.
You hit the gnoll. You miss the quokka. You barely miss the gnoll.
The gnoll misses you. The gnoll hits you with a +0 club.
The gnoll hits you with a +0 halberd!
The quokka bites you but does no damage.
The gnoll hits you with a +0 club. The gnoll hits you with a +0 halberd!
The gnoll hits you but does no damage. The gnoll closely misses you.
The quokka barely misses you. The gnoll hits you with a +0 whip.
* * * LOW HITPOINT WARNING * * *
The gnoll hits you but does no damage. The gnoll hits you with a +0 halberd!
* * * LOW HITPOINT WARNING * * *
You block the gnoll's attack.
You climb upwards.
There is a stone staircase leading down here.
The gnoll hits you with a +0 club.
You die...

.#####.#### #...#
#........#### .#####.# #...#
###......#### .......# #...#
#####.##... ..############.##
#.##.## ####.......##...##
#.##.# #.............# #....#
#.#####.##....#############.#
#.##.......rggg.......#####.#
#.##)##.##..#@#####......##.#
#.......###.#g# #.#.##.##.##
####.##.###.#.# #.#..#.##...
#.##.......# #.##.#.#####
##.######.### #.##.#.# #...#
###.### #......# #.#.#
#.....# ####.### #...#
#.....# #.....# ##.## #.....#
#.#.#.#


You could see 4 gnolls and a quokka.

Vanquished Creatures
  A bombardier beetle (D:3)
  Natasha (thrice) (D:2)
  A gnoll (D:1)
  A ribbon worm (D:2)
  4 dart slugs
  3 orcs (D:3)
  5 ball pythons
  5 endoplasms
  A giant cockroach (D:1)
  5 goblins
  6 hobgoblins
  4 kobolds
  5 quokkas
  2 bats
  4 frilled lizards
  4 rats
54 creatures vanquished.

Notes
Turn   | Place    | Note
-------+----------+-------------------------------------------
     0 | D:1      | MisterAzrael the Hill Orc Fighter began the quest for the
                  | Orb.
     0 | D:1      | Reached XP level 1. HP: 19/19 MP: 1/1
    17 | D:1      | Reached XP level 2. HP: 17/27 MP: 2/2
   342 | D:1      | Reached XP level 3. HP: 33/33 MP: 3/3
   780 | D:2      | Found Qikhlae's General Store.
  1320 | D:2      | Noticed Natasha
  1327 | D:2      | Killed Natasha
  1328 | D:2      | Reached XP level 4. HP: 32/41 MP: 4/4
  1406 | D:2      | Noticed Natasha
  1413 | D:2      | Killed Natasha
  1444 | D:2      | Noticed Natasha
  1455 | D:2      | Killed Natasha
  1456 | D:2      | Reached XP level 5. HP: 19/47 MP: 5/5
  1842 | D:3      | Found a hide-covered altar of Uskayaw.
  2103 | D:3      | Found a sparkling altar of Nemelex Xobeh.
  2356 | D:4      | HP: 1/47 [gnoll/+0 halberd (10)]
  2358 | D:3      | Slain by a gnoll

Illustrated notes

Levels and vault maps discovered:
D:1:      dpeg_arrival_stonehenge_8_columns, layout_basic
D:2:      layout_rooms, serial_shops, nicolae_shop_tiny_waterfront,
          reono_crystal_passage, uniq_natasha
D:3:      layout_loops_cross, overflow_temple_1_default,
          nicolae_overflow_hidden_temple
D:4:      layout_gridville, zin_academy, cheibrodos_sewer_entry_bend

Skill      XL: |  1  2  3  4 |
---------------+-------------+-----
Axes           | 3 4 |  4.3
Fighting       | 4 |  4.7
Armour         | 4 |  4.4
Shields        | 4 |  4.4

Action                     |  1- 3 |  4- 6 || total
---------------------------+-------+-------++-------
  Melee: War axe           |   101 |    43 ||   144
 Armour: Scale mail        |    67 |    33 ||   100
         Leather armour    |     2 |       ||     2
  Dodge: Dodged            |    56 |    20 ||    76
  Block: Buckler           |    24 |    11 ||    35

Table legend: (Time is in decaauts)
 A = Elapsed time spent in this place.
 B = Non-inter-level travel time spent in this place.
 C = Inter-level travel time spent in this place.
 D = Time resting spent in this place.
 E = Time spent auto-exploring this place.
 F = Levels seen in this place.
 G = Mean time per level.
                   A        B        C        D        E       F      G
               +--------+--------+--------+--------+--------+-----+--------+
         Total |   2409 |   2333 |     76 |    627 |   1304 |   4 |  602.2 |
       Dungeon |   2409 |   2333 |     76 |    627 |   1304 |   4 |  602.2 |
               +--------+--------+--------+--------+--------+-----+--------+

Top non-repeatable levels by time:
     D:2: 975 daAuts
     D:1: 779 daAuts
     D:3: 649 daAuts
     D:4: 5 daAuts
